 Dungeon Crawl Stone Soup version 0.28.0-53-g5a82cb258f (webtiles) character file.

Game seed: 6755551836640082024

14765 DemonSlayer the Thaumaturge (level 11, -8/115 HPs)
             Began as a Demonspawn Fire Elementalist on Aug 18, 2022.
             Was an Elder of Cheibriados.
             Killed from afar by a frost giant (18 damage)
             ... with a bolt of cold
             ... in an ice cave.
             The game lasted 00:32:51 (13293 turns).

DemonSlayer the Thaumaturge (DsFE)                 Turns: 13293, Time: 00:32:53

Health: -8/115     AC: 11    Str: 18    XL:     11   Next: 93%
Magic:  35/35      EV: 15    Int: 31    God:    Cheibriados [****..]
Gold:   206        SH:  7    Dex: 28    Spells: 11/33 levels left

rFire   . . .      SeeInvis .   o - +9 mace of the Lettuce {freeze, *Rage rPois MP+9 Dex+4}
rCold   + + .      Faith    .   g - +1 buckler
rNeg    . . .      Spirit   .   D - +1 troll leather armour
rPois   +          Reflect  .   (helmet restricted)
rElec   .          Harm     .   f - scarf {rC+ rF+}
rCorr   .          Rampage  .   v - +0 pair of gloves
Will    .....      Rage     20% (no boots)
Stlth   ..........              s - amulet of magic regeneration
HPRegen 1.09/turn               a - +4 ring of protection
MPRegen 0.88/turn               b - ring of ice

@: berserking, confusing by touch, very slow
A: antennae 2, rugged brown scales 1, powered by death 1, magic regeneration
a: Renounce Religion, Bend Time, Temporal Distortion, Slouch


You were in an ice cave.
You worshipped Cheibriados.
Cheibriados was greatly pleased with you.
You visited 3 branches of the dungeon, and saw 12 of its levels.
You also visited: Ossuary and Ice Cave.

You collected 431 gold pieces.
You spent 225 gold pieces at shops.

Inventory:

Hand Weapons
 o - the +9 mace of the Lettuce (weapon) {freeze, *Rage rPois MP+9 Dex+4}
   (You found it on level 3 of the Dungeon)

   It freezes those it strikes, dealing additional cold damage.
   It can also slow down cold-blooded creatures.
   Dex:       It affects your dexterity (+4).
   rPois:     It protects you from poison.
   MP:        It affects your magic capacity (+9).
   *Rage:     It berserks you when you make melee attacks (+20% chance).
 u - the +6 mace "Wuac" {elec, rF+ Int+2}
   (You found it on level 4 of the Dungeon)

   It occasionally discharges a powerful burst of electricity upon striking a
   foe.
   Int:       It affects your intelligence (+2).
   rF:        It protects you from fire.
Armour
 f - a scarf of resistance (worn)
 g - a +1 buckler (worn)
 v - a +0 pair of gloves (worn)
 D - a +1 troll leather armour (worn)
Jewellery
 a - a +4 ring of protection (left hand)
 b - a ring of ice (right hand)
 h - a ring of fire
 i - a +6 ring of intelligence
 s - an amulet of magic regeneration (around neck)
 z - an amulet of reflection
 C - a +6 ring of strength
Wands
 p - a wand of flame (13)
 r - a wand of acid (2)
Scrolls
 d - a scroll of holy word
 e - a scroll of brand weapon
 k - 4 scrolls of silence
 q - 2 scrolls of blinking
 y - 4 scrolls of teleportation
 B - a scroll of fog
 E - a scroll of enchant weapon
Potions
 c - a potion of magic
 j - 2 potions of heal wounds
 l - 2 potions of mutation
 m - 3 potions of flight
 n - 2 potions of resistance
 t - a potion of might {unknown}
 w - 3 potions of curing
 x - 4 potions of attraction
 A - a potion of ambrosia {unknown}


   Skills:
 + Level 3.1 Fighting
 + Level 2.5 Maces & Flails
 + Level 0.2 Polearms
 + Level 3.2 Armour
 + Level 4.4 Dodging
 + Level 2.9 Stealth
 + Level 1.9 Shields
 + Level 0.5 Unarmed Combat
 + Level 11.6 Spellcasting
 + Level 2.4 Conjurations
 + Level 1.0 Hexes
 + Level 11.2 Fire Magic
 + Level 0.8 Ice Magic
 + Level 2.6 Evocations


You had 11 spell levels left.
You knew the following spells:

 Your Spells              Type           Power      Damage    Failure   Level
a - Foxfire               Conj/Fire      100%       2x1d9     1%          1
b - Scorch                Fire           100%       2d10      1%          2
c - Slow                  Hex            96%        N/A       3%          1
d - Conjure Flame         Conj/Fire      57%        6-21      1%          3
e - Flame Wave            Conj/Fire      57%        2d11      2%          4
f - Confusing Touch       Hex            24%        N/A       9%          3
g - Frozen Ramparts       Ice            70%        1d9       10%         3
h - Hailstorm             Conj/Ice       42%        3d10      22%         4
i - Freeze                Ice            100%       1d11      3%          1

Your spell library contained the following spells:

 Spells                   Type           Power      Damage    Failure   Level
 Inner Flame              Hex/Fire       54%        N/A       1%          3
 Animate Skeleton         Necr           34%        N/A       4%          1
 Pain                     Necr           68%        1d7       4%          1
 Vampiric Draining        Necr           17%        2d7       14%         3


Dungeon Overview and Level Annotations

Branches:
Dungeon (10/15)            Temple (1/1) D:6            Lair (0/6) D:10
    Orc (1/2) D:10        Ossuary (visited)           IceCv (1/1)

Altars:
Ashenzari
Cheibriados
Dithmenos
Fedhas
Hepliaklqana
Kikubaaqudgha
Nemelex Xobeh
Okawaru
Qazlal
Ru
Trog
Uskayaw
Vehumet
Wu Jian
Xom
Yredelemnul
Zin
The Shining One
Beogh

Shops:
D:3 ?(=   D:4 (

Annotations:
D:10 2 runed translucent doors


Innate Abilities, Weirdness & Mutations

You have a pair of antennae on your head.
You are partially covered in rugged brown scales. (AC +1, +3% HP)
You regenerate a little health from kills.
You regenerate magic rapidly.


Message History

Cheibriados appreciates the change of pace.
You can't see any susceptible monsters within range! (Use Z to cast anyway.)
You can't see any susceptible monsters within range! (Use Z to cast anyway.)
You can't see any susceptible monsters within range! (Use Z to cast anyway.)
You sense a monster nearby.
You see here a rime drake corpse.
There are monsters nearby!
You see here a rime drake corpse.
Okay, then.
Your hands begin to glow red.
The frost giant hits you with a +1 battleaxe of freezing!!
The frost giant freezes you.
You hear a howl!
You hit the frost giant but do no damage.
The frost giant closely misses you.
You hit the frost giant but do no damage.
The frost giant completely misses you.
The frost giant gestures at you while chanting.
The bolt of cold hits you! You resist.
A red film seems to cover your vision as you go berserk!
Cheibriados protects you from inadvertent hurry.
You feel mighty!
You hit the frost giant but do no damage.
You block the wolf's attack.
The frost giant points at you and mumbles some strange words.
The bolt of cold hits you. You resist.
You hit the frost giant but do no damage.
The wolf bites you. The wolf barely misses you.
The frost giant hits you with a +1 battleaxe of freezing!!
* * * LOW HITPOINT WARNING * * *
The frost giant freezes you.
* * * LOW HITPOINT WARNING * * *
You block the wolf's attack.
The frost giant points at you and mumbles some strange words.
The bolt of cold hits you! You resist.
* * * LOW HITPOINT WARNING * * *
The wolf bites you but does no damage.
The frost giant points at you and mumbles some strange words.
The bolt of cold hits you!! You resist.
You die...

##.....# .....Y# ......##
h.....## ###### .......##
###....### #........
######....#...####C.......
..#.....####....#†..#
.....#### ####.@h###
###### #####


You could see a frost giant, a death yak (wandering) and a wolf.

Vanquished Creatures
  A hydra (D:9)
  A boulder beetle (D:10)
  4 death yaks (IceCv)
  A deep elf pyromancer (D:9)
  An ice statue (IceCv)
  A kobold demonologist (D:10)
  7 rime drakes
  4 polar bears (IceCv)
  3 trolls
  8 yaks (IceCv)
  12 orc warriors
  2 black bears
  2 sky beasts (D:6)
  An ice beast (D:7)
  An ogre (Orc:1)
  5 wolves (IceCv)
  A centaur (D:5)
  2 kobold brigands (D:10)
  4 bullfrogs
  A wyvern zombie (Ossuary)
  6 scorpions
  2 water moccasin skeletons
  3 water moccasin zombies
  4 killer bees (D:8)
  A howler monkey (D:9)
  7 bullfrog zombies
  3 jellies
  11 centaur zombies
  2 hounds
  6 orc priests
  A bullfrog skeleton (D:6)
  7 iguanas
  2 gnoll shamans
  18 mummies (Ossuary)
  Ijyb (D:3)
  A scorpion zombie (D:4)
  9 orc wizards
  A killer bee zombie (Ossuary)
  3 hound zombies (D:4)
  2 hound skeletons (D:4)
  2 howler monkey zombies
  11 gnolls
  3 adders
  A shadow imp (D:8)
  An ufetubus (D:6)
  3 adder zombies (D:4)
  3 adder skeletons (D:4)
  2 worms
  4 dart slugs
  38 orcs
  10 ball pythons
  5 bats
  4 endoplasms
  A giant cockroach (D:3)
  6 goblins
  3 hobgoblins
  4 jackals (D:5)
  9 kobolds
  3 quokkas
  4 frilled lizards
  A quokka skeleton (D:4)
  9 rats
279 creatures vanquished.

Vanquished Creatures (collateral kills)
  10 foxfires (Ossuary)
10 creatures vanquished.

Vanquished Creatures (others)
  An iguana (D:6)
  181 foxfires
  A withered plant (Ossuary)
183 creatures vanquished.

Grand Total: 472 creatures vanquished

Notes
Turn   | Place    | Note
-------+----------+-------------------------------------------
     0 | D:1      | DemonSlayer the Demonspawn Fire Elementalist began the
                  | quest for the Orb.
     0 | D:1      | Reached XP level 1. HP: 13/13 MP: 3/3
   371 | D:1      | Gained mutation: You have a pair of small antennae on your
                  | head. [demonic ancestry]
   371 | D:1      | Reached XP level 2. HP: 19/19 MP: 0/5
  1036 | D:1      | Learned a level 2 spell: Scorch
  1555 | D:1      | Reached XP level 3. HP: 23/24 MP: 1/6
  1830 | D:1      | Learned a level 1 spell: Slow
  1834 | D:1      | Learned a level 3 spell: Conjure Flame
  2181 | D:1      | Gained mutation: You regenerate magic rapidly. [demonic
                  | ancestry]
  2181 | D:1      | Reached XP level 4. HP: 13/31 MP: 1/8
  2569 | D:2      | Found a shimmering altar of Xom.
  2868 | D:2      | You fall into a shaft and drop 1 floor!
  2899 | D:3      | Identified the +9 mace of the Lettuce {freeze, *Rage rPois
                  | MP+9 Dex+4}
  3416 | D:3      | Found Nabluc's Jewellery Boutique.
  3621 | D:3      | Found Zyim's Weapon Shop.
  3927 | D:3      | Noticed Ijyb
  3936 | D:3      | Killed Ijyb
  3972 | D:3      | Found Xidisais's Magic Scroll Boutique.
  3989 | D:3      | Bought a scroll of blinking for 75 gold pieces
  4202 | D:4      | Found Mamebb's Weapon Shop.
  4270 | D:4      | Reached XP level 5. HP: 28/36 MP: 10/10
  4546 | D:2      | Learned a level 4 spell: Flame Wave
  4710 | D:4      | Gained mutation: You regenerate a little health from kills.
                  | [demonic ancestry]
  4710 | D:4      | Reached XP level 6. HP: 34/42 MP: 8/12
  5275 | D:4      | Reached XP level 7. HP: 32/47 MP: 14/14
  5837 | D:4      | Reached skill level 5 in Fire Magic
  5840 | D:4      | Reached skill level 5 in Spellcasting
  6079 | D:4      | Identified the +6 mace "Wuac" {elec, rF+ Int+2}
  6184 | D:4      | Learned a level 3 spell: Confusing Touch
  6202 | D:5      | Entered Level 5 of the Dungeon
  6207 | D:5      | Reached skill level 1 in Fighting
  6220 | D:5      | Reached skill level 1 in Maces & Flails
  6380 | D:5      | Reached XP level 8. HP: 54/54 MP: 17/17
  7085 | D:6      | Found a sand-covered staircase.
  7091 | Ossuary  | Entered an ossuary
  7304 | Ossuary  | Gained mutation: You are partially covered in rugged brown
                  | scales. (AC +1, +3% HP) [demonic ancestry]
  7304 | Ossuary  | Reached XP level 9. HP: 46/60 MP: 19/19
  8219 | D:6      | Found a staircase to the Ecumenical Temple.
  8406 | Temple   | Entered the Ecumenical Temple
  8441 | Temple   | Became a worshipper of Cheibriados the Contemplative
  8732 | D:6      | Noticed a troll
  8740 | D:6      | Killed a troll
  8945 | D:6      | Learned a level 3 spell: Frozen Ramparts
  8950 | D:6      | Learned a level 4 spell: Hailstorm
  9513 | D:7      | Reached * piety under Cheibriados
  9834 | D:7      | Learned a level 1 spell: Freeze
 10010 | D:8      | Reached skill level 1 in Armour
 10294 | D:8      | Found a sparkling altar of Nemelex Xobeh.
 10296 | D:8      | Found an iron altar of Okawaru.
 10461 | D:8      | Gained mutation: You have a pair of antennae on your head.
                  | [demonic ancestry]
 10461 | D:8      | Reached XP level 10. HP: 59/67 MP: 23/23
 11079 | D:9      | Reached ** piety under Cheibriados
 11180 | D:9      | Noticed a deep elf pyromancer
 11208 | D:9      | Killed a deep elf pyromancer
 11209 | D:9      | Reached skill level 1 in Shields
 11279 | D:9      | Found a shadowy altar of Dithmenos.
 11307 | D:9      | Noticed an eight-headed hydra
 11313 | D:9      | Killed an eight-headed hydra
 11545 | D:10     | Entered Level 10 of the Dungeon
 11679 | D:10     | Found a staircase to the Lair.
 11692 | D:10     | Found a basalt altar of Yredelemnul.
 11701 | D:10     | Found a staircase to the Orcish Mines.
 11704 | D:10     | Noticed a gargoyle
 11716 | D:10     | Found a runed translucent door.
 11738 | D:9      | Reached skill level 10 in Spellcasting
 11826 | D:10     | Found a runed translucent door.
 11826 | D:10     | Noticed a two-headed ogre
 11850 | D:10     | Noticed a boulder beetle
 11870 | D:10     | Killed a boulder beetle
 11871 | D:10     | Reached skill level 10 in Fire Magic
 12591 | D:3      | Bought a scroll of blinking for 75 gold pieces
 12591 | D:3      | Bought a scroll of blinking for 75 gold pieces
 12771 | Orc:1    | Entered Level 1 of the Orcish Mines
 12772 | Orc:1    | Reached *** piety under Cheibriados
 12783 | Orc:1    | Reached XP level 11. HP: 52/74 MP: 23/25
 12810 | Orc:1    | Found a frozen archway.
 12819 | IceCv    | Entered an ice cave
 12876 | IceCv    | Noticed a death yak
 12878 | IceCv    | Noticed a death yak
 12890 | IceCv    | Killed a death yak
 12892 | IceCv    | Reached **** piety under Cheibriados
 12894 | IceCv    | Killed a death yak
 12895 | IceCv    | Reached skill level 1 in Hexes
 13088 | IceCv    | Reached skill level 1 in Evocations
 13157 | IceCv    | Noticed a death yak
 13160 | IceCv    | Noticed a death yak
 13176 | IceCv    | Killed a death yak
 13178 | IceCv    | Killed a death yak
 13212 | IceCv    | Noticed a death yak
 13212 | IceCv    | Noticed a frost giant
 13293 | IceCv    | Killed from afar by a frost giant

Illustrated notes

Levels and vault maps discovered:
D:1:      sevenhm_arrival_forest_fort_small_5, layout_loops_ring
D:2:      layout_loops_ring, basic_altar
D:3:      layout_loops_corners, serial_shops,
          nicolae_shop_temple_entry_statues_fountains, shop_statue, shop,
          wander_ebering_terrifying_dragon_lair, uniq_ijyb
D:4:      layout_loops_corners, serial_undead, serial_undead_d, serial_undead_a,
          serial_undead_c, serial_undead_c, serial_undead_c, serial_undead_d,
          serial_undead_b, serial_shops, nicolae_shop_bloodbath_and_beyond
D:5:      layout_rooms
D:6:      layout_gridville, lemuel_temple_firewalk_b, nicolae_ossuary_entry_plus
D:7:      layout_basic
D:8:      layout_basic, chequers_temple_overflow_statue_of_worship
D:9:      layout_basic, mainiacjoe_overflow_surrounded_room
D:10:     cheibrodos_histonic, layout_basic,
          mainiacjoe_overflow_six_doors_small, lair_entry_dummy,
          minmay_orc_entry_temple_small, nzn_sisyphean_effort
Temple:   regret_index_temple_mists
Orc:1:    cheibrodos_orc_arena, layout_diamond_mine, portal_ice_cave_rime
IceCv:    ice_cave_small_giant

Skill      XL: |  1  2  3  4  5  6  7  8  9 10 11 |
---------------+----------------------------------+-----
Fire Magic     | 3 4 5 7 8 10 11 | 11.2
Dodging        | 2 3 4 |  4.4
Spellcasting   | 3 4 6 7 9 10 11 | 11.6
Stealth        | 2 |  2.9
Fighting       | 1 2 3 |  3.1
Maces & Flails | 1 2 |  2.5
Conjurations   | 2 |  2.4
Armour         | 1 2 3 |  3.2
Shields        | 1 |  1.9
Hexes          | 1 |  1.0
Evocations     | 2 |  2.6
Polearms       | |  0.2
Unarmed Combat | |  0.5
Ice Magic      | |  0.8

Action                   |  1- 3 |  4- 6 |  7- 9 | 10-12 || total
-------------------------+-------+-------+-------+-------++-------
Melee: Unarmed           |    38 |       |       |       ||    38
       Trident           |    12 |     4 |       |       ||    16
       Mace              |       |    25 |    27 |    25 ||    77
       Punch             |       |     1 |       |       ||     1
 Cast: Foxfire           |    77 |     3 |    57 |     2 ||   139
       Scorch            |     4 |    71 |   206 |   161 ||   442
       Conjure Flame     |       |       |       |     5 ||     5
       Slow              |       |       |       |     4 ||     4
       Frozen Ramparts   |       |       |       |     3 ||     3
       Flame Wave        |       |       |       |     7 ||     7
       Confusing Touch   |       |       |       |     1 ||     1
Evoke: Wand              |       |       |       |    16 ||    16
  Use: Potion            |     2 |     4 |       |     4 ||    10
       Scroll            |       |       |    13 |     2 ||    15
 Stab: Sleeping          |       |     1 |       |       ||     1
Armor: Robe              |    14 |    16 |    25 |       ||    55
       Troll leather arm |       |       |    14 |    69 ||    83
Dodge: Dodged            |    61 |    56 |    76 |   131 ||   324
Block: Buckler           |       |     1 |    47 |    72 ||   120
